 Dungeon Crawl Stone Soup version 0.29.1-1-gd02db6906a (webtiles) character file.

Game seed: 16871525659488826094

144 smilodon the Sneak (level 5, 0/28 HPs)
             Began as a Vampire Enchanter on Sept 24, 2022.
             Slain by a gnoll
             ... wielding a +0 halberd
              (9 damage)
             ... on level 3 of the Dungeon.
             The game lasted 00:06:43 (2143 turns).

smilodon the Sneak (Vampire Enchanter)              Turns: 2143, Time: 00:06:43

Health: 0/28       AC:  3    Str:  5 (7)  XL:     5   Next: 5%
Magic:  6/9        EV: 13    Int: 16 (18) God:
Gold:   115        SH:  0    Dex: 14 (16) Spells: 6/9 levels left

rFire   . . .      SeeInvis +   a - +3 dagger
rCold   + + .      Faith    .   (no shield)
rNeg    + + +      Spirit   .   b - +0 robe
rPois   ∞          Reflect  .   (no helmet)
rElec   .          Harm     .   p - +0 cloak
rCorr   .          Rampage  .   (no gloves)
Will    .....                   (no boots)
Stlth   +++++.....              (no amulet)
HPRegen 0.00/turn               (no ring)
MPRegen 0.11/turn               (no ring)

@: confusing by touch, bloodless, inhibited regen
A: bloodless, fangs 3, see invisible, vampiric 2
a: Bat Form, Revivify


You were on level 3 of the Dungeon.
You visited 1 branch of the dungeon, and saw 3 of its levels.

You collected 115 gold pieces.

Inventory:

Hand Weapons
 a - a +3 dagger (weapon)
 h - a +0 short sword
 o - a +3 quarterstaff of chaos
Armour
 b - a +0 robe (worn)
 e - a +0 plate armour
 p - a +0 cloak (worn)
Jewellery
 d - a ring of ice
 j - an amulet of magic regeneration
Scrolls
 f - a scroll of immolation {unknown}
 g - a scroll of identify {unknown}
 i - a scroll of vulnerability {unknown}
 k - a scroll of teleportation {unknown}
 n - a scroll of blinking {unknown}
Potions
 c - a potion of invisibility
 l - a potion of mutation {unknown}
 m - a potion of curing


   Skills:
 + Level 2.5 Short Blades
 + Level 3.2 Dodging
 + Level 5.6 Stealth
 + Level 2.7 Spellcasting
 + Level 5.3 Hexes


You had 6 spell levels left.
You knew the following spells:

 Your Spells              Type           Power      Damage    Failure   Level
a - Confusing Touch       Hex            19%        N/A       6%          3

Your spell library contained the following spells:

 Spells                   Type           Power      Damage    Failure   Level
 Tukima's Dance           Hex            19%        N/A       6%          3
 Ensorcelled Hibernation  Hex/Ice        20%        N/A       10%         2
 Dazzling Flash           Conj/Hex       20%        N/A       19%         3
 Portal Projectile        Hex/Tloc       20%        N/A       19%         3
 Call Canine Familiar     Summ           2%         N/A       50%         3
 Ozocubu's Armour         Ice            2%         N/A       50%         3
 Leda's Liquefaction      Hex/Erth       5%         N/A       54%         4
 Yara's Violent Unravell  Hex/Tmut       5%         3d4       87%         5
 Enfeeble                 Hex            9%         N/A       100%        7
 Ozocubu's Refrigeration  Ice            1%         4d7       100%        7


Dungeon Overview and Level Annotations

Branches:
Dungeon (3/15)

Altars:


Innate Abilities, Weirdness & Mutations

You do not regenerate when monsters are visible.
You are frail without blood (-20% HP).
You can heal yourself when you bite living creatures.
You are immune to poison.
You have razor-sharp teeth.
You have supernaturally acute eyesight. (SInv)
You are afflicted with vampirism and can become a bat while bloodless.


Message History

Your +0 cloak melds into your body.
Your +0 robe melds into your body.
You feel weakened.
You feel dopey.
You feel clumsy.
You feel less batty.
Your +3 dagger unmelds from your body.
Your +0 cloak unmelds from your body.
Your +0 robe unmelds from your body.
You open the door.
Found a ring mail.
There is an open door here.
Found a stone staircase leading down.
You see here a +0 ring mail.
An endoplasm comes into view.
An endoplasm is nearby!
The helpless endoplasm fails to defend itself.
You impale the endoplasm!!
You kill the endoplasm!
Found a ring mail.
You see here a +0 ring mail.
A gnoll is nearby!
The gnoll shouts!
The goblin shouts!
You hit the gnoll. You bite the gnoll.
You draw the gnoll's blood!
The gnoll is heavily wounded.
You hear a shout!
The gnoll barely misses you.
You hit the gnoll.
The gnoll is heavily wounded.
The gnoll barely misses you. The gnoll hits you with a +0 spear.
You hit the gnoll.
You kill the gnoll!
The gnoll misses you.
The goblin shoots a sling bullet.
The sling bullet hits you.
You have reached level 5!
You feel clever.
Okay, then.
Casting: Confusing Touch (quite dangerous; 6% risk of failure)
Confirm with . or Enter, or press ? or * to list all spells.
The spell is quite dangerous to miscast (6% risk of failure)!
Continue anyway?
Your hands begin to glow red.
The gnoll hits you from afar with a +0 halberd!
The gnoll hits you with a +0 halberd!
You die...

#. .................#
#...#
########..........#####.#
#............<......#.#
#.#........#....###.#.#
#.......>^.......[..#
#......#.##..####.###
........g..........#
........#g##..######
.........#@##..!..#
..........#......#.#
######## #


You could see 2 gnolls.

Vanquished Creatures
  Crazy Yiuf (D:2)
  2 gnolls (D:3)
  5 adders
  3 worms (D:2)
  3 dart slugs
  4 ball pythons (D:1)
  4 bats
  4 endoplasms
  3 goblins
  A hobgoblin (D:2)
  5 quokkas
  3 frilled lizards
  A kobold (D:1)
  2 rats (D:2)
41 creatures vanquished.

Notes
Turn   | Place    | Note
-------+----------+-------------------------------------------
     0 | D:1      | smilodon the Vampire Enchanter began the quest for the Orb.
     0 | D:1      | Reached XP level 1. HP: 13/13 MP: 3/3
    87 | D:1      | Found a faded altar of an unknown god.
   402 | D:1      | Reached XP level 2. HP: 12/19 MP: 5/5
   901 | D:2      | Gained mutation: You are afflicted with vampirism and can
                  | become a bat while bloodless. [Vampire growth]
   901 | D:2      | Reached XP level 3. HP: 24/24 MP: 6/6
  1174 | D:2      | Reached skill level 5 in Stealth
  1236 | D:2      | Learned a level 3 spell: Confusing Touch
  1357 | D:2      | Reached skill level 5 in Hexes
  1663 | D:2      | Found a runed translucent door.
  1664 | D:2      | Noticed Crazy Yiuf
  1671 | D:2      | Killed Crazy Yiuf
  1672 | D:2      | Reached XP level 4. HP: 30/30 MP: 7/7
  1840 | D:3      | HP: 1/30 [gnoll/+0 spear (2)]
  2140 | D:3      | Reached XP level 5. HP: 20/28 MP: 9/9
  2143 | D:3      | Slain by a gnoll

Illustrated notes

Levels and vault maps discovered:
D:1:      enne_arrival_octagon_isle, layout_loops_corners,
          chequers_ecumenical_altar_grove
D:2:      layout_rooms, nicolae_eternal_life, minmay_splitting_lines,
          corner_web_ring, grunt_decor_junction, kennysheep_cluttered_room,
          uniq_crazy_yiuf_cottage
D:3:      layout_basic

Skill      XL: |  1  2  3 |
---------------+----------+-----
Stealth        | 5 |  5.6
Short Blades   | 2 |  2.5
Hexes          | 5 |  5.3
Dodging        | 3 |  3.2
Spellcasting   | |  2.7

Action                   |  1- 3 |  4- 6 || total
-------------------------+-------+-------++-------
Melee: Dagger            |    56 |    42 ||    98
       Bite              |     3 |     4 ||     7
       Punch             |     1 |       ||     1
 Cast: Confusing Touch   |       |     2 ||     2
 Abil: End Transformatio |       |     1 ||     1
       Bat Form          |       |     1 ||     1
       Exsanguinate      |       |     1 ||     1
  Use: Potion            |     4 |     1 ||     5
       Scroll            |     2 |       ||     2
 Stab: Sleeping          |    16 |     4 ||    20
Armor: Robe              |     5 |    12 ||    17
Dodge: Dodged            |    20 |    46 ||    66
